cohdb
Replays
Latest Replays
All Replays
Popular Replays
Top Player Replays
Match Explorer
How It Works
Community
CoH3 Stats
Reddit
Sign in to upload your games and track your stats! →
Sign in with Steam
Match 26592699
Unlisted
Match 26592699
Overview
Messages
Build Orders
End
Construct Section Command Post
Infantry Section
Dingo Light Scout Car
Infantry Section
Infantry Section
Construct Platoon Command Post
Selects Indian Artillery Battlegroup
Selects War Cry
Selects Gurkha Rifles Section
Gurkha Rifles Section
6-pounder Anti-tank Gun Team
Construct Company Command Post
CMP 15cwt Truck
Grenade Package
Selects Volunteer Infantry
Matilda II Heavy Tank
CMP 15cwt Truck
Foot Guards Section
Selects Artillery Saturation
Selects Off-map Airburst Barrage
Foot Guards Section
Crusader II Medium Tank
Off-map Airburst Barrage
Royal Engineer Section
SneaKerz
gb_gbg
Hoplite
Skr13
0
0
Comments
sign in to comment!
No comments posted yet!